 Dungeon Crawl Stone Soup version 0.17.1-2-g5865329 (webtiles) character file.

343 ishmael the Covert (level 6, 0/28 HPs)
             Began as a Spriggan Enchanter on Jan 20, 2016.
             Slain by a gnoll
             ... wielding a +0 club
              (12 damage)
             ... on level 4 of the Dungeon.
             The game lasted 00:07:40 (4369 turns).

ishmael the Covert (Spriggan Enchanter)             Turns: 4369, Time: 00:07:40

Health: 0/28       AC:  3    Str:  4    XL:     6   Next: 31%
Magic:  10/11      EV: 18    Int: 19    God:
Gold:   106        SH:  0    Dex: 16    Spells: 3 memorised, 4 levels left

rFire  . . .     SeeInvis +     a - +1 dagger
rCold  . . .     Clarity  .     b - +1 robe
rNeg   . . .     SustAt   .     (shield restricted)
rPois  .         Gourm    .     (helmet restricted)
rElec  .         Spirit   .     (no cloak)
rCorr  .         Warding  .     (gloves unavailable)
rMut   .         Stasis   .     (boots unavailable)
MR     +....                    (no amulet)
Stlth  ++++......               (no ring)
                                (no ring)

@: very quick, somewhat resistant to hostile enchantments, stealthy
A: unfitting armour, see invisible, herbivore 3, speed 3, slow metabolism 2
a: no special abilities


You were on level 4 of the Dungeon.
You were not hungry.

You visited 1 branch of the dungeon, and saw 4 of its levels.

You collected 106 gold pieces.

Inventory:

Hand Weapons
 a - a +1 dagger (weapon)
Armour
 b - a +1 robe (worn)
Wands
 w - a wand of lightning (7)
Scrolls
 e - a scroll of enchant armour {unknown}
 f - a scroll of enchant weapon {unknown}
 g - a scroll of fear {unknown}
 h - a scroll of noise {unknown}
 i - a scroll of amnesia {unknown}
 n - 4 scrolls of teleportation {unknown}
 p - a scroll of fog {unknown}
 t - 2 scrolls of remove curse {unknown}
 u - a scroll of blinking {unknown}
 v - 3 scrolls of recharging {unknown}
Potions
 j - a potion of curing
 k - 2 potions of invisibility
 l - 2 potions of haste
 o - a potion of flight
 q - 2 potions of agility
 r - a potion of beneficial mutation {unknown}
 s - a potion of brilliance {unknown}
 x - a potion of heal wounds {unknown}
Books
 c - a book of Maledictions

   Spells                             Type                      Level
   a - Corona                         Hexes                        1
   b - Ensorcelled Hibernation        Hexes/Ice                    2
   c - Confuse                        Hexes                        3
   d - Tukima's Dance                 Hexes                        3
   e - Dazzling Spray                 Conjuration/Hexes            3
Comestibles
 d - 5 bread rations


   Skills:
 - Level 5.2 Short Blades
 + Level 3.0 Dodging
 - Level 8.1 Stealth
 + Level 2.6 Spellcasting
 + Level 3.6 Hexes


You had 4 spell levels left.
You knew the following spells:

 Your Spells              Type           Power        Failure   Level  Hunger
a - Corona                Hex            ###....      4%          1    None
b - Ensorcelled Hibernat  Hex/Ice        #.....       14%         2    ##.....
c - Confuse               Hex            ###.....     12%         3    ###....


Dungeon Overview and Level Annotations

Branches:
Dungeon (4/15)
 Temple: D:4-7

Altars:
Kikubaaqudgha
Qazlal
Sif Muna
Zin
The Shining One

Shops:
D:4 %


Innate Abilities, Weirdness & Mutations

You are tiny and cannot use many weapons and most armour.
You have supernaturally acute eyesight.
You are a herbivore.
You cover ground extremely quickly.
You need consume almost no food.


Message History

The gnoll barely misses you.
You hit the gnoll but do no damage.
The gnoll is moderately wounded.
You hit the gnoll but do no damage.
The gnoll is moderately wounded.
The gnoll completely misses you.
You hit the gnoll.
The gnoll is heavily wounded.
You hit the gnoll.
The gnoll is severely wounded.
The gnoll completely misses you.
You hit the gnoll but do no damage.
The gnoll is severely wounded.
The gnoll hits you with a club.
You barely miss the gnoll.
The gnoll is severely wounded.
You hit the gnoll but do no damage.
The gnoll is severely wounded.
The gnoll hits you with a club!
You die...

#......####....%......#
#...#.## #...........# ....#.#
##...........#
....#.####..........._########
......................#......#
......####..........#.#.####.#
#.....###......#.##.#.#.#.##.#
#..............g......#......#
#.....###(....#.@.....#.######.
##........%......)<...#........
#....###.....#####.#.#.#######
......# #...........#.....#
......# #.........#####.#.#
....... ###'#.........#.#.#
.......####.......###.#.#.#
..#.............### #.#.#.#
..#.#.#.###.....###
#.#.#.#######


You could see a gnoll.

Vanquished Creatures
  An ogre (D:4)
  2 worker ants (D:4)
  A gnoll shaman (D:4)
  A giant frog skeleton (D:4)
  4 adders
  4 gnolls
  An ooze (D:4)
  An adder zombie (D:4)
  5 worms
  2 giant geckos (D:1)
  An orc (D:4)
  11 goblins
  8 hobgoblins
  8 bats
  2 giant newts
  4 jackals (D:1)
  7 kobolds
  A quokka (D:3)
  4 rats
68 creatures vanquished.

Notes
Turn   | Place    | Note
--------------------------------------------------------------
     0 | D:1      | ishmael the Spriggan Enchanter began the quest for the Orb.
     0 | D:1      | Reached XP level 1. HP: 9/9 MP: 5/5
   287 | D:1      | Reached XP level 2. HP: 13/13 MP: 6/6
   341 | D:1      | Reached skill level 5 in Stealth
  1045 | D:1      | Reached XP level 3. HP: 11/16 MP: 8/8
  1252 | D:1      | Learned a level 2 spell: Ensorcelled Hibernation
  1256 | D:1      | Learned a level 3 spell: Confuse
  1534 | D:2      | Reached skill level 6 in Stealth
  1566 | D:2      | Reached XP level 4. HP: 19/21 MP: 9/9
  1950 | D:3      | Found an ancient bone altar of Kikubaaqudgha.
  2055 | D:3      | Found a deep blue altar of Sif Muna.
  2058 | D:3      | Found a glowing silver altar of Zin.
  2615 | D:3      | Found a glowing golden altar of the Shining One.
  2697 | D:4      | Reached skill level 7 in Stealth
  2898 | D:4      | Found a stormy altar of Qazlal.
  2901 | D:4      | Reached XP level 5. HP: 24/24 MP: 10/10
  3471 | D:4      | Found Oxuxkiab's Food Boutique.
  3517 | D:4      | Noticed an ogre
  3776 | D:4      | Reached skill level 8 in Stealth
  3776 | D:4      | HP: 1/24 [gnoll/club (4)]
  4347 | D:4      | Killed an ogre
  4347 | D:4      | Reached skill level 5 in Short Blades
  4347 | D:4      | Reached XP level 6. HP: 28/28 MP: 8/11
  4369 | D:4      | Slain by a gnoll

Action                   |  1- 3 |  4- 6 || total
-------------------------+-------+-------++-------
Melee: Dagger            |   147 |   178 ||   325
 Cast: Ensorcelled Hiber |     1 |    21 ||    22
       Corona            |     1 |       ||     1
  Use: Scroll            |       |     5 ||     5
 Stab: Sleeping          |     8 |    17 ||    25
  Eat: Pizza             |       |     2 ||     2
